 Dungeon Crawl Stone Soup version 0.20.1-1-g8b1a95d (webtiles) character file.

1029 HammerPanzer the Carver (level 8, -1/73 HPs)
             Began as a Minotaur Berserker on Oct 31, 2017.
             Was an Elder of Trog.
             Killed by divine providence
             ... invoked by an orc priest
              (15 damage)
             ... on level 5 of the Dungeon.
             The game lasted 00:10:38 (4263 turns).

HammerPanzer the Carver (Minotaur Berserker)        Turns: 4263, Time: 00:10:39

Health: -1/73      AC: 11    Str: 23    XL:     8   Next: 3%
Magic:  7/7        EV:  7    Int:  5    God:    Trog [****..]
Gold:   184        SH:  0    Dex: 10    Spells: 7/7 levels left

rFire    . . .     SeeInvis +   a - +1 falchion
rCold    . . .     Gourm    .   (no shield)
rNeg     . . .     Faith    .   q - +0 plate armour
rPois    .         Spirit   .   (helmet restricted)
rElec    .         Reflect  .   (no cloak)
rCorr    .         Harm     .   (no gloves)
MR       .....                  (no boots)
Stlth    ..........             (no amulet)
Regen    0.3/turn               f - ring of see invisible
MPRegen  0.1/turn               (no ring)

@: confused, very slow
A: retaliatory headbutt, horns 2
a: Berserk, Trog's Hand, Brothers in Arms, Burn Spellbooks, Renounce Religion


You were on level 5 of the Dungeon.
You worshipped Trog.
Trog was greatly pleased with you.
You were not hungry.

You visited 1 branch of the dungeon, and saw 5 of its levels.

You collected 184 gold pieces.

Inventory:

Hand Weapons
 a - a +1 falchion (weapon)
Armour
 p - +0 steam dragon scales
 q - a +0 plate armour (worn)
Jewellery
 f - a ring of see invisible (left hand)
Scrolls
 d - a scroll of enchant weapon
 i - a scroll of recharging
 m - 2 scrolls of magic mapping
Potions
 b - a potion of flight
 e - 2 potions of brilliance
 g - a potion of resistance
 h - 2 potions of curing
 k - a potion of heal wounds {unknown}
 n - a potion of invisibility
 o - a potion of lignification
Comestibles
 c - 5 bread rations
 l - a meat ration


   Skills:
 + Level 7.3 Fighting
 * Level 9.9 Long Blades
 - Level 2.4 Armour
 - Level 2.1 Dodging


You had 7 spell levels left.
You didn't know any spells.

Dungeon Overview and Level Annotations

Branches:
Dungeon (5/15)             Temple (0/1) D:4

Altars:
Hepliaklqana
Kikubaaqudgha
Qazlal
Uskayaw
The Shining One

Shops:
D:4 *


Innate Abilities, Weirdness & Mutations

You reflexively headbutt those who attack you in melee.
You have a pair of horns on your head.


Message History

You hit the orc but do no damage.
The orc wizard points at you and mumbles some strange words.
You are confused.
You're too confused!
You're too confused!
The orc wizard casts a spell.
The orc wizard flickers and vanishes for a moment.
All of the chunks of flesh in your inventory have rotted away.
An ogre comes into view. It is wielding a giant club.
You slash the fungus!
The fungus is moderately damaged.
The iguana hisses menacingly.
The orc priest invokes the aid of Beogh against you.
Beogh smites you!
* * * LOW HITPOINT WARNING * * *
You enter the shallow water.
Moving in this stuff is going to be slow.
The orc priest mumbles some strange prayers to Beogh against you.
Beogh smites you!
You die...

#..###..P#
#.## #..##
#.# #≈.#
#.# ##P.#
#.# #...#
#≈..# #..P#
#≈.≈##
#≈.P@#
#≈.P.##
##P.ol≈#
#≈o..P≈#
#.PoP≈≈#
#...o..#
../J....#
..O.####..#
.....# .##


You could see an ogre, an iguana, 2 orc priests, an orc wizard (invisible), an
ooze and an orc.

Vanquished Creatures
  2 steam dragons (D:5)
  A phantom (D:3)
  An ogre (D:3)
  A centaur (D:3)
  2 scorpions (D:4)
  A howler monkey (D:4)
  An orc wizard (D:4)
  A centaur skeleton (D:4)
  A worker ant (D:3)
  Natasha (thrice) (D:2)
  Robin (D:4)
  6 gnolls
  4 adders
  An ooze (D:1)
  2 worms
  A dart slug (D:1)
  7 leopard geckos
  8 orcs
  4 giant cockroaches
  14 hobgoblins
  5 jackals
  9 kobolds
  3 quokkas
  3 ball pythons
  8 bats
  4 frilled lizards
  18 goblins
  7 rats
  A plant (D:4)
120 creatures vanquished.

Vanquished Creatures (others)
  An orc (D:4)
1 creature vanquished.

Grand Total: 121 creatures vanquished

Notes
Turn   | Place    | Note
-------+----------+-------------------------------------------
     0 | D:1      | HammerPanzer the Minotaur Berserker began the quest for the Orb.
     0 | D:1      | Reached XP level 1. HP: 19/19 MP: 0/0
   169 | D:1      | Reached skill level 4 in Long Blades
   172 | D:1      | Reached XP level 2. HP: 26/27 MP: 1/1
   504 | D:1      | Found a glowing golden altar of the Shining One.
   575 | D:1      | Reached XP level 3. HP: 32/33 MP: 2/2
   672 | D:1      | Reached ** piety under Trog
   771 | D:1      | Reached skill level 5 in Long Blades
  1215 | D:2      | Reached XP level 4. HP: 40/40 MP: 3/3
  1454 | D:2      | Noticed Natasha
  1457 | D:2      | Killed Natasha
  1492 | D:2      | Reached skill level 6 in Long Blades
  1660 | D:2      | Noticed Natasha
  1664 | D:2      | Killed Natasha
  1664 | D:2      | Reached XP level 5. HP: 40/47 MP: 4/4
  1851 | D:2      | Noticed Natasha
  1866 | D:2      | Killed Natasha
  2090 | D:3      | Found an ancient bone altar of Kikubaaqudgha.
  2093 | D:3      | Reached *** piety under Trog
  2097 | D:3      | Reached skill level 5 in Fighting
  2121 | D:3      | Noticed a centaur
  2132 | D:3      | Killed a centaur
  2132 | D:3      | Reached skill level 7 in Long Blades
  2132 | D:3      | Reached XP level 6. HP: 22/56 MP: 5/5
  3060 | D:3      | Found a hide-covered altar of Uskayaw.
  3064 | D:3      | Found a hazy altar of Hepliaklqana.
  3124 | D:3      | Reached skill level 8 in Long Blades
  3124 | D:3      | Reached XP level 7. HP: 17/63 MP: 6/6
  3484 | D:4      | Noticed Robin
  3495 | D:4      | Killed Robin
  3495 | D:4      | Reached **** piety under Trog
  3501 | D:4      | Reached skill level 9 in Long Blades
  3636 | D:4      | Found Diulip's Assorted Antiques.
  3669 | D:4      | Found a staircase to the Ecumenical Temple.
  3811 | D:4      | Found a stormy altar of Qazlal.
  3930 | D:5      | Entered Level 5 of the Dungeon
  4027 | D:5      | Noticed a steam dragon
  4028 | D:5      | Noticed a steam dragon
  4034 | D:5      | Killed a steam dragon
  4039 | D:5      | Killed a steam dragon
  4039 | D:5      | Reached XP level 8. HP: 48/73 MP: 7/7
  4263 | D:5      | Killed from afar by an orc priest

Skill      XL: |  1  2  3  4  5  6  7 |
---------------+----------------------+-----
Long Blades    | 4 5 6 7 8 9 |  9.9
Fighting       | 4 5 6 7 |  7.3
Armour         | |  2.4
Dodging        | |  2.1

Action                   |  1- 3 |  4- 6 |  7- 9 || total
-------------------------+-------+-------+-------++-------
Melee: Falchion          |    72 |   125 |    77 ||   274
       Headbutt          |    12 |    21 |    19 ||    52
Invok: Berserk           |     1 |     2 |     2 ||     5
       Burn Spellbooks   |       |       |     1 ||     1
  Use: Scroll            |       |     9 |     2 ||    11
       Potion            |       |     1 |       ||     1
 Stab: Invisible         |       |     1 |       ||     1
  Eat: Chunk             |     1 |     8 |     6 ||    15
Armor: Animal skin       |     3 |       |       ||     3
       Chain mail        |    22 |       |       ||    22
       Plate armour      |     5 |    58 |    35 ||    98
Dodge: Dodged            |    46 |    57 |    18 ||   121
       Rpst.: Falchion   |     8 |     7 |     7 ||    22
